 Dungeon Crawl Stone Soup version 0.23-a0-143-g1adec7bb76 (webtiles) character file.

376744 Jesh the Imperceptible (level 21, -1/114 HPs)
             Began as a Spriggan Enchanter on Sept 1, 2018.
             Was the Champion of Dithmenos.
             Slain by an iron troll (9 damage)
             ... on level 2 of the Depths on Sept 2, 2018.
             The game lasted 02:52:24 (62721 turns).

Jesh the Imperceptible (Spriggan Enchanter)        Turns: 62721, Time: 02:52:25

Health: -1/114     AC:  8    Str: 17    XL:     21   Next: 81%
Magic:  22/45      EV: 35    Int: 27    God:    Dithmenos [******]
Gold:   2639       SH:  0    Dex: 17    Spells: 28/58 levels left

rFire    . . .     SeeInvis +   I - +10 rapier of Maimomom {drain, Str+3 Dex-3 SInv}
rCold    . . .     Gourm    .   (shield restricted)
rNeg     + . .     Faith    .   B - +1 robe of Bohih Noana {rC- Regen+ Int+5 Slay+5}
rPois    +         Spirit   .   T - +0 hat of the Okapi {rC+ Dex+2}
rElec    .         Reflect  .   q - +2 cloak {MR+}
rCorr    .         Harm     .   (gloves unavailable)
MR       +++++                  (boots unavailable)
Stlth    ++++++++++             Q - amulet of the acrobat
HPRegen  0.00/turn              Y - +4 ring of strength
MPRegen  0.29/turn              C - ring "Fatoemp" {rPois rN+ MR+ Int+3}

@: very slightly contaminated, wreathed by umbra, invisible, very quick
A: very small, unfitting armour, iridescent scales 1, see invisible, herbivore,
speed 3, inhibited regeneration, slow metabolism 2, evolution 1, MP-powered
wands
}: 2/15 runes: barnacled, gossamer
a: Shadow Step, Shadow Form, Renounce Religion


You were on level 2 of the Depths.
You worshipped Dithmenos.
Dithmenos was exalted by your worship.
You were not hungry.

You visited 10 branches of the dungeon, and saw 42 of its levels.
You visited 1 bazaar.
You also visited: Labyrinth, Trove, Bailey and Ice Cave.

You collected 5128 gold pieces.
You spent 2489 gold pieces at shops.

Inventory:

Hand Weapons
 h - a +2 rapier of electrocution
 I - the +10 rapier of Maimomom (weapon) {drain, Str+3 Dex-3 SInv}
   (You found it on level 2 of the Vaults)

   A truly terrible weapon, it drains the life of those it strikes.
   It affects your strength (+3).
   It affects your dexterity (-3).
   It lets you see invisible.
 P - a +7 rapier of protection
Missiles
 M - 12 throwing nets (quivered)
Armour
 a - the +1 robe of Rotation {rF++ Dex+2}
   (You found it in a treasure trove)

   It affects your dexterity (+2).
   It greatly protects you from fire.
 c - a +2 hat of intelligence
 i - a scarf of cloud immunity
 q - a +2 cloak of magic resistance (worn)
 t - a +2 robe of the Archmagi
 B - the +1 robe of Bohih Noana (worn) {rC- Regen+ Int+5 Slay+5}
   (You found it in a treasure trove)

   It affects your intelligence (+5).
   It affects your accuracy and damage with ranged weapons and melee attacks
   (+5).
   It makes you vulnerable to cold.
   It increases your rate of regeneration.
 T - the +0 hat of the Okapi (worn) {rC+ Dex+2}
   (You found it in a treasure trove)

   It affects your dexterity (+2).
   It protects you from cold.
Jewellery
 m - an uncursed ring of stealth
 C - the ring "Fatoemp" (right hand) {rPois rN+ MR+ Int+3}
   (You bought it in a shop on level 1 of the Vaults)

   [ring of intelligence]

   It affects your intelligence (+3).
   It protects you from poison.
   It protects you from negative energy.
   It affects your resistance to hostile enchantments.
 Q - an amulet of the acrobat (around neck)
 S - the ring of Dev Syst {rElec rC+++ rN+ Slay-6 SInv}
   (You found it on level 2 of the Vaults)

   [ring of see invisible]

   It affects your accuracy and damage with ranged weapons and melee attacks
   (-6).
   It renders you almost immune to cold.
   It insulates you from electricity.
   It protects you from negative energy.
   It lets you see invisible.
 Y - a +4 ring of strength (left hand)
Wands
 e - a wand of digging (26)
 l - a wand of enslavement (45)
 n - a wand of disintegration (26)
 o - a wand of scattershot (9)
 w - a wand of paralysis (53)
 F - a wand of clouds (18)
 G - a wand of iceblast (22)
Scrolls
 k - a scroll of enchant armour
 s - a scroll of immolation
 u - 3 scrolls of fear
 v - 12 scrolls of identify
 x - 20 scrolls of teleportation
 y - 2 scrolls of brand weapon
 z - 2 scrolls of summoning
 A - 5 scrolls of amnesia
 E - 4 scrolls of blinking
 H - 18 scrolls of remove curse
 J - a scroll of silence
 U - 5 scrolls of fog
 V - a scroll of magic mapping
Potions
 b - 3 potions of invisibility
 f - 5 potions of heal wounds
 g - 5 potions of resistance
 j - 11 potions of curing
 p - 4 potions of brilliance
 r - 6 potions of magic
 K - 2 potions of agility
 L - a potion of cancellation
 R - a potion of ambrosia
 W - a potion of berserk rage
Miscellaneous
 D - a phantom mirror
 N - a lightning rod (4/4)
 O - 2 boxes of beasts
Comestibles
 d - 15 rations


   Skills:
 + Level 13.7 Fighting
 - Level 14.0 Short Blades
 + Level 21.4 Dodging
 - Level 25.0 Stealth
 + Level 19.0 Spellcasting
 - Level 19.0 Hexes
 + Level 8.4 Summonings


You had 28 spell levels left.
You knew the following spells:

 Your Spells              Type           Power        Failure   Level  Hunger
a - Ensorcelled Hibernat  Hex/Ice        ######       1%          2    None
b - Corona                Hex            #######      0%          1    None
c - Confuse               Hex            #######.     0%          3    None
d - Tukima's Dance        Hex            #######.     0%          3    None
e - Dazzling Spray        Conj/Hex       ######       1%          3    None
f - Apportation           Tloc           ####..       1%          1    None
g - Summon Mana Viper     Hex/Summ       #######.     1%          5    None
h - Invisibility          Hex            #######.     1%          6    ##.....
i - Shadow Creatures      Summ           N/A          9%          6    ##.....

Your spell library contained the following spells:

 Spells                   Type           Power        Failure   Level  Hunger
 Confusing Touch          Hex            ######       0%          1    None
 Animate Skeleton         Necr           N/A          1%          1    None
 Flame Tongue             Conj/Fire      ####.        1%          1    None
 Infusion                 Chrm           ####         1%          1    None
 Pain                     Necr           ####         1%          1    None
 Shock                    Conj/Air       ####         1%          1    None
 Sting                    Conj/Pois      ####         1%          1    None
 Summon Butterflies       Summ           ######..     1%          1    None
 Summon Small Mammal      Summ           ####         1%          1    None
 Call Imp                 Summ           ######..     1%          2    None
 Call Canine Familiar     Summ           ######..     1%          3    None
 Inner Flame              Hex/Fire       ######..     1%          3    None
 Recall                   Summ/Tloc      N/A          1%          3    None
 Spectral Weapon          Hex/Chrm       ######..     1%          3    None
 Summon Guardian Golem    Hex/Summ       #######.     1%          3    None
 Leda's Liquefaction      Hex/Erth       ######....   1%          4    None
 Aura of Abjuration       Summ           ######....   1%          5    None
 Metabolic Englaciation   Hex/Ice        ######....   1%          5    None
 Summon Demon             Summ           ######....   1%          5    None
 Yara's Violent Unravell  Hex/Tmut       ######....   1%          5    None
 Darkness                 Hex            #######...   1%          6    ##.....
 Blink                    Tloc           N/A          2%          2    None
 Corpse Rot               Necr           N/A          2%          2    None
 Poisonous Vapours        Pois/Air       ####..       2%          2    None
 Shroud of Golubria       Chrm/Tloc      ####......   2%          2    None
 Song of Slaying          Chrm           ####....     2%          2    None
 Swiftness                Chrm/Air       ####....     2%          2    None
 Throw Flame              Conj/Fire      ####..       2%          2    None
 Summon Ice Beast         Ice/Summ       #####...     3%          4    None
 Summon Lightning Spire   Summ/Air       #####...     3%          4    None
 Conjure Flame            Conj/Fire      ####....     4%          3    None
 Gell's Gravitas          Tloc           ####......   4%          3    None
 Lesser Beckoning         Tloc           ####......   4%          3    None
 Mephitic Cloud           Conj/Pois/Air  ####....     4%          3    None
 Regeneration             Chrm/Necr      ####......   4%          3    None
 Static Discharge         Conj/Air       ####....     4%          3    None
 Teleport Other           Tloc           ####....     4%          3    None
 Vampiric Draining        Necr           ####......   4%          3    None
 Summon Forest            Summ/Tloc      #####.....   9%          5    None
 Airstrike                Air            ####......   17%         4    None
 Olgreb's Toxic Radiance  Pois           ####....     17%         4    None
 Passage of Golubria      Tloc           N/A          17%         4    None
 Petrify                  Tmut/Erth      ####....     17%         4    None
 Sticky Flame             Conj/Fire      ####....     17%         4    None
 Agony                    Necr           ####....     43%         5    None
 Alistair's Intoxication  Tmut/Pois      ####....     43%         5    None
 Bolt of Draining         Conj/Necr      ####......   43%         5    None
 Bolt of Magma            Conj/Fire/Erth ####......   43%         5    None
 Excruciating Wounds      Chrm/Necr      ####......   43%         5    None
 Fireball                 Conj/Fire      ####......   43%         5    None
 Lightning Bolt           Conj/Air       ####......   43%         5    None
 Venom Bolt               Conj/Pois      ####......   43%         5    None
 Iron Shot                Conj/Erth      ####......   95%         6    ##.....
 Poison Arrow             Conj/Pois      ####......   95%         6    ##.....
 Statue Form              Tmut/Erth      ####.....    95%         6    ##.....
 Malign Gateway           Summ/Tloc      #####.....   95%         7    ####...
 Chain Lightning          Conj/Air       ####......   100%        8    ######.
 Ignition                 Fire           ####......   100%        8    ######.
 Lehudib's Crystal Spear  Conj/Erth      ####......   100%        8    ######.
 Dragon's Call            Summ           ######....   100%        9    #######
 Fire Storm               Conj/Fire      ####......   100%        9    #######
 Glaciate                 Conj/Ice       ####......   100%        9    #######
 Shatter                  Erth           ####......   100%        9    #######
 Tornado                  Air            ####......   100%        9    #######


Dungeon Overview and Level Annotations

Branches:
Dungeon (15/15)            Temple (1/1) D:4            Lair (6/6) D:9
 Shoals (4/4) Lair:4       Spider (4/4) Lair:4        Slime (1/5) Lair:5
    Orc (2/2) D:9             Elf (3/3) Orc:2        Vaults (4/5) D:14
  Crypt (0/3) Vaults:2     Depths (2/5) D:15

Altars:
Ashenzari
Cheibriados
Dithmenos
Elyvilon
Fedhas
Gozag
Hepliaklqana
Kikubaaqudgha
Makhleb
Nemelex Xobeh
Okawaru
Qazlal
Ru
Sif Muna
Trog
Uskayaw
Vehumet
Wu Jian
Xom
Yredelemnul
Zin
The Shining One
Beogh
Jiyva

Shops:
D:7 *   D:12 }   Orc:1 (   Orc:2 ?[[(=   Elf:2 }=}   Elf:3 *   Vaults:1 =

Portals:
Hell: Depths:1
Ziggurat: Depths:1

Annotations:
Spider:2 2 transporters, P0WERM0DE's ghost, journeyman DDFi
Elf:3 1 exclusion


Innate Abilities, Weirdness & Mutations

You are very small and have problems with some larger weapons.
You are too small for most types of armour.
You have supernaturally acute eyesight. (SInv)
You are a herbivore.
You cover ground extremely quickly.
You need to consume almost no food.
You are partially covered in iridescent scales. (AC +2)
You do not regenerate when monsters are visible.
You evolve.
You expend magic power (3 MP) to strengthen your wands.


Message History

Unknown command.
You hit the rakshasa.
The rakshasa is heavily wounded.
The deep troll bites you. The deep troll misses you.
The deep troll claws you but does no damage.
The deep troll earth mage closely misses you.
The deep troll earth mage claws you.
The deep troll earth mage completely misses you.
You hit the rakshasa.
The rakshasa is heavily wounded.
The rakshasa completely misses you. The rakshasa hits you with a whip!
The deep troll bites you!
* * * LOW HITPOINT WARNING * * *
The deep troll misses you. The deep troll claws you!
* * * LOW HITPOINT WARNING * * *
The deep troll completely misses you. The deep troll barely misses you.
The deep troll misses you.
The yaktaur shoots a bolt.
The bolt hits the iron troll.
The bolt burns the iron troll.
The iron troll bites you!
You die...

.##...........#
?.............#.........
..>.....#............#..
........#...............
.................c..?...
≈...[.........(.).......
≈............##..c.c..$.
≈............##TTT.T....
................@TT.....
...............RRR...>..
.............###########
........###### .#....###
##(.###.. ...##....
...#..... .........


You could see 2 iron trolls, 3 rakshasas, 2 deep trolls, a deep troll earth mage
(confused), a deep troll shaman (confused) and 3 yaktaurs.

Vanquished Creatures
  The ghost of Hucw the Slayer, a veteran GrFi of Gozag (Vaults:4)
  Nikola (Spider:4)
  A bone dragon (Depths:1)
  The ghost of yrara the Bludgeoner, an adept DsFi of Gozag (Vaults:1)
  Asterion (Depths:1)
  A deep elf blademaster (Elf:2)
  3 krakens
  Frances (Shoals:1)
  2 tengu reavers
  Kirke (Spider:4)
  3 frost giants (Vaults:4)
  A deep elf sorcerer (Elf:2)
  An azure jelly (Slime:1)
  16 vault wardens
  5 ghost moths (Spider:4)
  Louise (Elf:2)
  4 emperor scorpions
  An orc warlord (Vaults:2)
  8 ironheart preservers
  A very ugly thing (Vaults:4)
  6 stone giants
  3 entropy weavers
  2 vampire knights (Depths:1)
  Nessos (Lair:6)
  5 spark wasps
  A deep elf annihilator (Elf:2)
  3 minotaurs
  A dire elephant (Lair:4)
  A crystal guardian (Vaults:2)
  10 merfolk javelineers
  2 deep elf death magi
  6 ettins
  7 hydras
  3 fire dragons
  2 great orbs of eyes
  3 ice dragons
  8 merfolk impalers
  A naga warrior (Vaults:2)
  9 yaktaur captains
  4 rakshasas
  The ghost of Ablot the Thaumaturge, a journeyman GnSk of Cheibriados (D:11)
  A catoblepas (D:15)
  13 vault guards
  2 death knights
  9 centaur warriors
  3 ghost crabs
  A merfolk avatar (Shoals:3)
  3 merfolk aquamancers (Shoals:4)
  18 two-headed ogres
  An alligator snapping turtle (Shoals:1)
  8 ogre magi
  A satyr (Shoals:4)
  2 deep troll shamans
  3 death yaks (Lair:6)
  A tengu warrior (Vaults:2)
  29 dancing weapons
  5 deep troll earth magi
  The ghost of MirrMurr the Spear-Bearer, a novice OpBe of Trog (D:9)
  Urug (D:12)
  Nergalle (Lair:2)
  14 skeletal warriors
  22 deep elf knights
  A shadow wraith (Vaults:1)
  9 sea snakes
  A deep troll (shapeshifter) (Vaults:2)
  5 wizards
  2 flayed ghosts (Vaults:3)
  3 unseen horrors
  2 glowing orange brains
  8 deep trolls
  2 unseen horrors (shapeshifter)
  2 golden dragon skeletons (Depths:1)
  4 phantasmal warriors
  16 deep elf archers
  2 lindwurms (Lair:6)
  19 orb spiders
  21 orc knights
  16 harpies
  13 ironbrand convokers
  67 deep elf magi
  3 necromancers
  12 ugly things
  A moth of wrath (Spider:3)
  4 oklob plants (Lair:2)
  4 orc sorcerers
  A shadow dragon skeleton (Depths:1)
  35 wolf spiders
  19 slime creatures
  23 fauns
  12 manticores
  11 cyclopes
  A salamander (shapeshifter) (Elf:1)
  6 merfolk sirens
  2 centaur zombies
  9 black mambas
  20 elephants
  A gargoyle (D:14)
  4 water nymphs
  6 torpor snails
  8 vault sentinels
  15 spiny frogs
  3 freezing wraiths
  A spiny frog (shapeshifter) (Vaults:2)
  A kobold demonologist (D:11)
  An efreet (D:13)
  4 rime drakes
  A yaktaur (shapeshifter) (Vaults:3)
  10 demonic crawlers
  3 komodo dragons
  44 yaktaurs
  3 tengu conjurers
  9 trolls
  2 human skeletons (Vaults:1)
  A troll (shapeshifter) (Vaults:3)
  36 jumping spiders
  5 polar bears
  14 hornets
  22 merfolk
  12 snapping turtles
  5 wind drakes
  A tengu simulacrum (Vaults:2)
  20 hippogriffs
  A fire giant simulacrum (Vaults:1)
  A hippogriff (shapeshifter) (Vaults:3)
  26 dream sheep
  8 blink frogs
  3 air elementals
  73 redbacks
  2 spriggans
  2 shadows
  19 flying skulls (D:14)
  37 yaks
  3 elf simulacra (Depths:1)
  A tarantella (shapeshifter) (D:14)
  36 tarantellas
  4 wyverns
  15 water elementals
  2 fire elementals
  6 wraiths
  4 hogs (Spider:4)
  4 hungry ghosts
  2 vampire mosquitoes (D:14)
  A golden eye (Slime:1)
  6 basilisks
  A yaktaur simulacrum (Vaults:1)
  Menkaure (D:7)
  11 wargs
  A soldier ant (shapeshifter) (Vaults:4)
  2 soldier ants
  A swamp worm (shapeshifter) (D:15)
  2 acid dragons
  16 water moccasins
  2 ice beasts
  59 orc warriors
  12 porcupines
  3 sky beasts
  4 black bears
  An ice beast (shapeshifter) (Depths:1)
  An eye of draining (Slime:1)
  A phantom (D:10)
  19 boggarts
  33 ogres
  14 centaurs
  8 wolves
  17 crocodiles
  22 bullfrogs
  A big kobold (D:10)
  A gnoll sergeant (D:5)
  A deep troll simulacrum (Vaults:1)
  5 earth elementals
  A wyvern skeleton (D:9)
  2 small abominations (Depths:1)
  A scorpion (shapeshifter) (D:14)
  3 scorpions
  6 killer bees (D:7)
  3 human simulacra
  A troll skeleton (Lab)
  8 wights
  5 electric eels
  9 crimson imps
  3 lava snakes (Lair:3)
  7 howler monkeys
  2 quasits
  A bullfrog zombie (D:6)
  4 bullfrog skeletons
  22 orc priests
  5 hounds
  A jelly (D:15)
  23 orc wizards
  3 centaur skeletons
  6 iguanas
  Ijyb (D:3)
  Terence (D:3)
  6 worker ants
  A killer bee zombie (D:8)
  A hound skeleton (D:6)
  A worker ant zombie (D:10)
  23 gnolls
  13 adders
  2 shadow imps
  3 white imps (IceCv)
  4 ufetubi (IceCv)
  2 adder skeletons
  3 worms
  5 dart slugs
  9 leopard geckos
  128 orcs
  4 giant cockroaches
  9 goblins
  21 hobgoblins
  12 jackals
  4 quokkas
  2 ball pythons
  10 bats
  8 frilled lizards
  2 jackal skeletons
  A jackal zombie (D:8)
  16 kobolds
  A leopard gecko skeleton (D:4)
  2 quokka skeletons
  2 quokka zombies
  6 rats
  5 plants
  4 tentacles (Shoals:1)
1783 creatures vanquished.

Vanquished Creatures (collateral kills)
  Agnes (Spider:4)
  Ilsuiw (Shoals:4)
  2 vault wardens (Vaults:3)
  An ironheart preserver (Vaults:3)
  2 merfolk javelineers (Shoals:4)
  4 vault guards (Vaults:3)
  A dancing weapon (Vaults:4)
  A deep troll earth mage (Depths:1)
  A glowing orange brain (Vaults:3)
  A deep troll (Depths:1)
  A harpy (Shoals:4)
  A freezing wraith (Vaults:3)
  A water elemental (Depths:1)
  An ogre (D:11)
  An orc wizard (D:11)
  An orc (D:11)
  A frilled lizard (D:3)
22 creatures vanquished.

Vanquished Creatures (others)
  The ghost of Vigato the Warrior, an adept MiFi of Okawaru (Vaults:2)
  An eldritch tentacle (Vaults:1)
  A vault warden (Vaults:3)
  A deep elf mage (Elf:2)
  A merfolk (Shoals:4)
  A human (Spider:4)
  2 dancing weapons (D:5)
  A hog (Spider:4)
  A human simulacrum (Vaults:2)
  An ufetubus (IceCv)
  An orc (Orc:2)
  3 bushes (Lair:6)
  4 fungi
  32 plants
  15 tentacles
66 creatures vanquished.

Grand Total: 1871 creatures vanquished

Notes
Turn   | Place    | Note
-------+----------+-------------------------------------------
     0 | D:1      | Jesh the Spriggan Enchanter began the quest for the Orb.
     0 | D:1      | Reached XP level 1. HP: 9/9 MP: 5/5
   498 | D:1      | Reached XP level 2. HP: 13/13 MP: 7/7
   502 | D:1      | Learned a level 2 spell: Ensorcelled Hibernation
  1659 | D:2      | Found an opulent altar of Gozag.
  1659 | D:2      | Found a stormy altar of Qazlal.
  1659 | D:2      | Found a shimmering altar of Xom.
  1670 | D:2      | Reached XP level 3. HP: 16/16 MP: 9/9
  1680 | D:1      | Learned a level 3 spell: Confuse
  1685 | D:1      | Learned a level 3 spell: Tukima's Dance
  1833 | D:2      | Found a faded altar of an unknown god.
  2657 | D:2      | Reached skill level 5 in Hexes
  2657 | D:2      | Reached XP level 4. HP: 21/21 MP: 3/11
  2993 | D:3      | Noticed Ijyb
  3278 | D:3      | Killed Ijyb
  3278 | D:3      | Reached skill level 5 in Stealth
  3278 | D:3      | Reached XP level 5. HP: 24/24 MP: 5/13
  3412 | D:3      | Reached skill level 6 in Stealth
  3694 | D:3      | Noticed Terence
  3720 | D:3      | Killed Terence
  3720 | D:3      | Reached skill level 7 in Stealth
  3880 | D:3      | Learned a level 3 spell: Dazzling Spray
  4343 | D:3      | Reached XP level 6. HP: 28/28 MP: 10/14
  4431 | D:3      | Found a deep blue altar of Sif Muna.
  4808 | D:4      | Found a staircase to the Ecumenical Temple.
  4835 | Temple   | Entered the Ecumenical Temple
  5058 | Temple   | Became a worshipper of Dithmenos the Shadowed
  5148 | D:4      | Reached skill level 8 in Stealth
  5259 | D:4      | Reached skill level 9 in Stealth
  5571 | D:4      | Reached XP level 7. HP: 32/32 MP: 13/15
  5586 | D:4      | Reached * piety under Dithmenos
  5586 | D:4      | Reached skill level 10 in Stealth
  6078 | D:5      | Entered Level 5 of the Dungeon
  6318 | D:5      | Reached skill level 11 in Stealth
  6320 | D:5      | Gained mutation: You are agile. (Dex +2) [potion of
                  | mutation]
  6320 | D:5      | Gained mutation: Armour fits poorly on your strangely
                  | shaped body. [potion of mutation]
  6320 | D:5      | Gained mutation: You are partially covered in slimy green
                  | scales. (AC +2) [potion of mutation]
  6756 | D:5      | Reached skill level 12 in Stealth
  6990 | D:5      | Reached XP level 8. HP: 36/36 MP: 16/16
  7122 | D:5      | Reached skill level 13 in Stealth
  7385 | D:6      | Found a stormy altar of Qazlal.
  7837 | D:6      | Reached skill level 14 in Stealth
  8008 | D:7      | Found Igudis's Assorted Antiques.
  8012 | D:7      | Bought a shimmering robe for 159 gold pieces
  8022 | D:7      | Identified the +1 robe of the Snail {*Drain *Slow Dex+9
                  | Stlth+} (You bought it in a shop on level 7 of the Dungeon)
  8022 | D:7      | Bought 2 orange potions for 50 gold pieces
  8022 | D:7      | Bought a scroll of identify for 56 gold pieces
  8022 | D:7      | Bought a dark potion for 25 gold pieces
  8044 | D:7      | Reached ** piety under Dithmenos
  8059 | D:7      | Found a flagged portal.
  8070 | Bailey   | Entered a bailey
  8435 | Bailey   | Reached skill level 15 in Stealth
  8647 | Bailey   | Reached skill level 5 in Spellcasting
  8930 | D:7      | Reached skill level 1 in Fighting
  9059 | D:7      | Reached XP level 9. HP: 41/41 MP: 10/17
  9494 | D:7      | Reached *** piety under Dithmenos
  9639 | D:7      | Noticed Menkaure
  9645 | D:7      | Killed Menkaure
  9655 | D:7      | Identified a scroll of acquirement
 10087 | D:8      | Reached skill level 5 in Dodging
 10291 | D:8      | Lost mutation: Armour fits poorly on your strangely shaped
                  | body. [potion of mutation]
 10291 | D:8      | Lost mutation: You are agile. (Dex +2) [potion of mutation]
 10291 | D:8      | Lost mutation: You are partially covered in slimy green
                  | scales. (AC +2) [potion of mutation]
 10291 | D:8      | Gained mutation: You have a pair of small horns on your
                  | head. [potion of mutation]
 10291 | D:8      | Gained mutation: You have a pair of horns on your head.
                  | [potion of mutation]
 10291 | D:8      | Gained mutation: Your flesh is cold resistant. (rC+)
                  | [potion of mutation]
 10292 | D:8      | Lost mutation: Your flesh is cold resistant. (rC+) [potion
                  | of mutation]
 10292 | D:8      | Lost mutation: You have a pair of horns on your head.
                  | [potion of mutation]
 10292 | D:8      | Lost mutation: You have a pair of small horns on your head.
                  | [potion of mutation]
 10292 | D:8      | Gained mutation: You are agile. (Dex +2) [potion of
                  | mutation]
 10292 | D:8      | Gained mutation: You can translocate small distances at
                  | will. [potion of mutation]
 10345 | D:8      | Found a radiant altar of Vehumet.
 10596 | D:8      | Noticed a troll
 10601 | D:8      | Killed a troll
 11151 | D:9      | Reached XP level 10. HP: 48/48 MP: 19/21
 11245 | D:9      | Got a sparkling wooden ring
 11251 | D:9      | Identified the ring of Kuneph {rElec Dex+2 SInv} (You found
                  | it on level 9 of the Dungeon)
 11320 | D:9      | Reached **** piety under Dithmenos
 11447 | D:9      | Reached skill level 16 in Stealth
 11868 | D:9      | Found a runed door.
 11871 | D:9      | Noticed MirrMurr's ghost (novice OpBe)
 11877 | D:9      | Killed MirrMurr's ghost
 11877 | D:9      | Reached skill level 5 in Short Blades
 11913 | D:9      | Found a staircase to the Lair.
 12132 | D:9      | Found a staircase to the Orcish Mines.
 12476 | D:10     | Entered Level 10 of the Dungeon
 12746 | D:10     | Noticed a four-headed hydra
 12748 | D:10     | Killed a four-headed hydra
 12929 | D:10     | Reached XP level 11. HP: 53/53 MP: 24/24
 13014 | D:10     | Reached ***** piety under Dithmenos
 13640 | D:11     | Found a frozen archway.
 13673 | D:11     | Reached skill level 17 in Stealth
 13788 | IceCv    | Entered an ice cave
 13915 | D:11     | Found an opulent altar of Gozag.
 14030 | D:11     | Found a transporter.
 14035 | D:11     | Noticed a two-headed ogre
 14036 | D:11     | Noticed Ablot's ghost (journeyman GnSk)
 14037 | D:11     | Found a transporter.
 14326 | D:11     | Noticed a two-headed ogre
 14541 | D:12     | Reached skill level 5 in Fighting
 14577 | D:12     | Found a portal to a secret trove of treasure.
 14663 | D:12     | Noticed a four-headed hydra
 14666 | D:12     | Killed a four-headed hydra
 14721 | D:12     | Noticed a brown ugly thing
 14913 | D:12     | Killed a brown ugly thing
 14956 | D:12     | Reached ****** piety under Dithmenos
 15035 | D:12     | Noticed a red ugly thing
 15050 | D:12     | Reached XP level 12. HP: 60/60 MP: 19/26
 15057 | D:12     | Reached skill level 10 in Dodging
 15298 | D:12     | Found Syhaef's Gadget Emporium.
 15310 | D:12     | Noticed Urug
 15312 | D:12     | Killed Urug
 15343 | D:12     | Reached skill level 10 in Hexes
 15561 | D:13     | Noticed a two-headed ogre
 15567 | D:13     | Killed a two-headed ogre
 15797 | D:13     | Found a flickering gateway to a bazaar.
 15809 | Bazaar   | Entered a bazaar
 15809 | Bazaar   | Found Baock's Distillery.
 15809 | Bazaar   | Found Arewn's Gadget Boutique.
 15809 | Bazaar   | Found Iphaschi's Antique Armour Shoppe.
 15809 | Bazaar   | Found Liuhimug's Book Shop.
 15811 | Bazaar   | Found Vuabodif's Assorted Antiques.
 15811 | Bazaar   | Found Ograst's Magic Scroll Shop.
 15821 | Bazaar   | Bought a faintly humming robe for 74 gold pieces
 15832 | Bazaar   | Bought a scroll of acquirement for 780 gold pieces
 15855 | Bazaar   | Bought a potion of haste for 150 gold pieces
 15855 | Bazaar   | Bought a potion of haste for 150 gold pieces
 15873 | Bazaar   | Bought a scroll of magic mapping for 77 gold pieces
 15873 | Bazaar   | Bought a scroll of remove curse for 66 gold pieces
 15877 | Bazaar   | Bought a scroll of blinking for 165 gold pieces
 15882 | Bazaar   | Bought a scroll of identify for 30 gold pieces
 15882 | Bazaar   | Identified the cursed +0 robe "Mitir" {MR+ Int+3} (You
                  | bought it in a shop in a bazaar)
 15884 | Bazaar   | Bought a scroll of identify for 30 gold pieces
 15884 | Bazaar   | Bought a scroll of identify for 30 gold pieces
 15884 | Bazaar   | Bought a scroll of remove curse for 45 gold pieces
 15884 | Bazaar   | Bought a scroll of remove curse for 45 gold pieces
 16468 | D:14     | Reached skill level 10 in Spellcasting
 16576 | D:14     | Found the +3 giant club "Skullcrusher" {speed, Str+7}
 16579 | D:14     | Reached skill level 18 in Stealth
 16883 | D:14     | Noticed a centaur warrior
 17201 | D:14     | Killed a centaur warrior
 17579 | D:14     | Noticed a deep troll earth mage
 17605 | D:14     | Reached XP level 13. HP: 58/66 MP: 7/28
 17813 | D:14     | Noticed a fire dragon
 17819 | D:14     | Killed a fire dragon
 17836 | D:14     | Learned a level 6 spell: Invisibility
 17880 | D:14     | Noticed a stone giant
 17888 | D:14     | Killed a stone giant
 18047 | D:14     | Noticed an ettin
 18047 | D:14     | Noticed a tengu reaver
 18059 | D:14     | Killed a tengu reaver
 18063 | D:14     | Killed an ettin
 18530 | D:14     | Reached skill level 19 in Stealth
 18650 | D:14     | Found a gate to the Vaults.
 18723 | D:14     | Noticed a fire dragon
 18735 | D:14     | Killed a fire dragon
 18760 | D:14     | Found a glowing silver altar of Zin.
 18970 | D:11     | Killed Ablot's ghost
 19184 | D:15     | Entered Level 15 of the Dungeon
 19242 | D:15     | Found a labyrinth entrance.
 19256 | Lab      | Entered a labyrinth
 19956 | Lab      | Noticed a minotaur
 19960 | Lab      | Killed a minotaur
 20028 | D:15     | Reached XP level 14. HP: 72/72 MP: 30/30
 20070 | D:15     | Reached skill level 10 in Short Blades
 20488 | D:15     | Noticed an emperor scorpion
 20493 | D:15     | Found a staircase to the Depths.
 20495 | D:15     | Killed an emperor scorpion
 21363 | Lair:1   | Entered Level 1 of the Lair of Beasts
 23543 | Lair:2   | Noticed Nergalle
 23561 | Lair:2   | Killed Nergalle
 24238 | Lair:3   | Learned a level 1 spell: Apportation
 25683 | Lair:4   | Found a staircase to the Shoals.
 25767 | Lair:4   | Found a hole to the Spider Nest.
 25836 | Lair:4   | Reached XP level 15. HP: 78/78 MP: 32/32
 26020 | Lair:4   | Reached skill level 20 in Stealth
 26754 | Lair:5   | Found a viscous altar of Jiyva.
 26754 | Lair:5   | Found a staircase to the Slime Pits.
 26762 | Slime:1  | Entered Level 1 of the Pits of Slime
 26762 | Slime:1  | Noticed an azure jelly
 26763 | Slime:1  | Killed an azure jelly
 27395 | Lair:6   | Entered Level 6 of the Lair of Beasts
 27814 | Lair:6   | Reached skill level 15 in Hexes
 28086 | Lair:6   | Noticed Nessos
 28094 | Lair:6   | Killed Nessos
 28994 | Orc:1    | Entered Level 1 of the Orcish Mines
 29525 | Orc:2    | Entered Level 2 of the Orcish Mines
 29555 | Orc:2    | Found a roughly hewn altar of Beogh.
 29646 | Orc:2    | Found Kevu's Jewellery Emporium.
 30073 | Orc:2    | Found Hiwisefe's Antique Weapon Boutique.
 30086 | Orc:2    | Reached XP level 16. HP: 84/84 MP: 28/34
 30262 | Orc:2    | Found a roughly hewn altar of Beogh.
 30266 | Orc:2    | Reached skill level 15 in Dodging
 30591 | Orc:2    | Found a staircase to the Elven Halls.
 30679 | Orc:2    | Found Kehuruev's Magic Scroll Boutique.
 30726 | Orc:1    | Found Puutz's Antique Weapon Shoppe.
 31374 | Orc:2    | Found Vozxeru's Antique Armour Emporium.
 31374 | Orc:2    | Found Xeaj's Antique Armour Boutique.
 31640 | Elf:1    | Entered Level 1 of the Elven Halls
 31657 | Elf:1    | Found a radiant altar of Vehumet.
 32056 | Elf:1    | Reached skill level 21 in Stealth
 33767 | Elf:3    | Entered Level 3 of the Elven Halls
 33913 | Elf:2    | Found Qiown's Jewellery Shoppe.
 33914 | Elf:2    | Found Nessaest's Gadget Shop.
 33914 | Elf:2    | Found Beoxuruc's Gadget Shop.
 33953 | Elf:2    | Noticed Louise
 33967 | Elf:2    | Killed Louise
 34385 | Elf:2    | Reached XP level 17. HP: 88/88 MP: 36/36
 34387 | Elf:2    | Found a runed gate.
 34387 | Elf:2    | Found a runed gate.
 34387 | Elf:2    | Found a runed gate.
 34388 | Elf:2    | Reached skill level 10 in Fighting
 34591 | Elf:2    | Noticed a deep elf blademaster
 34599 | Elf:2    | Killed a deep elf blademaster
 35275 | Elf:3    | Found Roep's General Store.
 35293 | Elf:3    | Bought a ration for 80 gold pieces
 36268 | Depths:1 | Entered Level 1 of the Depths
 36661 | Spider:1 | Entered Level 1 of the Spider Nest
 37632 | Spider:2 | Reached skill level 22 in Stealth
 37989 | Spider:2 | Learned a level 5 spell: Summon Mana Viper
 38062 | Spider:2 | Identified the cursed +0 lajatang of Incongruity {flame,
                  | Dex+5} (You found it on level 2 of the Spider Nest)
 38100 | Spider:2 | Found a transporter.
 38141 | Spider:2 | Noticed P0WERM0DE's ghost (journeyman DDFi)
 38145 | Spider:2 | Found a transporter.
 38616 | Spider:2 | Reached skill level 15 in Spellcasting
 39010 | Spider:3 | Identified Sif Muna's Grimoire of Assistive Beguiling
 39514 | Spider:3 | Reached XP level 18. HP: 95/95 MP: 31/38
 40414 | Spider:4 | Entered Level 4 of the Spider Nest
 40866 | Spider:4 | Noticed Agnes
 40897 | Spider:4 | Killed Agnes
 42178 | Spider:4 | Noticed Kirke
 42702 | Spider:4 | Killed Kirke
 43113 | Spider:4 | Noticed Nikola
 43169 | Spider:4 | Killed Nikola
 43188 | Spider:4 | Got a gossamer rune of Zot
 44227 | Shoals:1 | Entered Level 1 of the Shoals
 44252 | Shoals:1 | Noticed Frances
 44432 | D:12     | You paid a toll of 8 potions of haste to enter a treasure
                  | trove
 44433 | Trove    | Entered a treasure trove
 44440 | Trove    | Got a sheer robe
 44456 | Trove    | Got a scorched hat
 44460 | Trove    | Got a twisted hat
 44462 | Trove    | Got an encrusted cloak
 44465 | Trove    | Got a warped robe
 44507 | D:12     | Identified the +0 hat of the Okapi {rC+ Dex+2} (You found
                  | it in a treasure trove)
 44517 | D:12     | Identified the +1 hat "Vyassoaqe" {rElec rF+ MR+++ Str-3}
                  | (You found it in a treasure trove)
 44537 | D:12     | Identified the +1 robe of Rotation {rF++ Dex+2} (You found
                  | it in a treasure trove)
 44597 | D:12     | Identified the +0 cloak "Akuimiac" {rN+} (You found it in a
                  | treasure trove)
 44607 | D:12     | Identified the +1 robe of Bohih Noana {rC- Regen+ Int+5
                  | Slay+5} (You found it in a treasure trove)
 45629 | Shoals:1 | Gained mutation: Armour fits poorly on your strangely
                  | shaped body. [mutagenic glow]
 45830 | Shoals:1 | Killed Frances
 46060 | Shoals:2 | Reached skill level 23 in Stealth
 46435 | Shoals:2 | Reached XP level 19. HP: 100/100 MP: 40/40
 47320 | Shoals:3 | Reached skill level 1 in Summonings
 47345 | Shoals:3 | Lost mutation: Armour fits poorly on your strangely shaped
                  | body. [potion of mutation]
 47345 | Shoals:3 | Lost mutation: You can translocate small distances at will.
                  | [potion of mutation]
 47345 | Shoals:3 | Lost mutation: You are agile. (Dex +2) [potion of mutation]
 47345 | Shoals:3 | Gained mutation: You are somewhat resistant to further
                  | mutation. [potion of mutation]
 47345 | Shoals:3 | Gained mutation: You do not regenerate when monsters are
                  | visible. [potion of mutation]
 47346 | Shoals:3 | Lost mutation: You are somewhat resistant to further
                  | mutation. [potion of mutation]
 47346 | Shoals:3 | Lost mutation: You do not regenerate when monsters are
                  | visible. [potion of mutation]
 47346 | Shoals:3 | Gained mutation: You can translocate small distances at
                  | will. [potion of mutation]
 47346 | Shoals:3 | Gained mutation: You passively map a small area around you.
                  | [potion of mutation]
 47347 | Shoals:3 | Lost mutation: You passively map a small area around you.
                  | [potion of mutation]
 47347 | Shoals:3 | Lost mutation: You can translocate small distances at will.
                  | [potion of mutation]
 47347 | Shoals:3 | Gained mutation: You are frail. (-10% HP) [potion of
                  | mutation]
 47347 | Shoals:3 | Gained mutation: You possess an exceptional clarity of
                  | mind. [potion of mutation]
 47348 | Shoals:3 | Lost mutation: You are frail. (-10% HP) [potion of
                  | mutation]
 47348 | Shoals:3 | Lost mutation: You possess an exceptional clarity of mind.
                  | [potion of mutation]
 47348 | Shoals:3 | Gained mutation: You do not regenerate when monsters are
                  | visible. [potion of mutation]
 47348 | Shoals:3 | Gained mutation: You tend to lose your temper in combat.
                  | [potion of mutation]
 47348 | Shoals:3 | Gained mutation: Your muscles are strong. (Str +2) [potion
                  | of mutation]
 47349 | Shoals:3 | Lost mutation: Your muscles are strong. (Str +2) [potion of
                  | mutation]
 47349 | Shoals:3 | Gained mutation: Armour fits poorly on your strangely
                  | shaped body. [potion of mutation]
 47349 | Shoals:3 | Gained mutation: You are resistant to hostile enchantments.
                  | (MR+) [potion of mutation]
 47350 | Shoals:3 | Lost mutation: Armour fits poorly on your strangely shaped
                  | body. [potion of mutation]
 47350 | Shoals:3 | Lost mutation: You are resistant to hostile enchantments.
                  | (MR+) [potion of mutation]
 47350 | Shoals:3 | Gained mutation: Your mind is acute. (Int +2) [potion of
                  | mutation]
 47350 | Shoals:3 | Lost mutation: You tend to lose your temper in combat.
                  | [potion of mutation]
 47351 | Shoals:3 | Lost mutation: Your mind is acute. (Int +2) [potion of
                  | mutation]
 47351 | Shoals:3 | Gained mutation: You have a pair of small horns on your
                  | head. [potion of mutation]
 48263 | Shoals:4 | Entered Level 4 of the Shoals
 48618 | Shoals:4 | Noticed Ilsuiw
 48861 | Shoals:4 | Killed Ilsuiw
 49020 | Shoals:4 | Got a barnacled rune of Zot
 50187 | Vaults:1 | Entered Level 1 of the Vaults
 50410 | Vaults:1 | Found Jozonk's Jewellery Emporium.
 50614 | Vaults:1 | Bought the ring "Fatoemp" {rPois rN+ MR+ Int+3} for 477
                  | gold pieces
 51318 | Vaults:1 | Found a large runed door.
 51318 | Vaults:1 | Found a large runed door.
 51345 | Vaults:1 | Noticed yrara's ghost (adept DsFi)
 51352 | Vaults:1 | Killed yrara's ghost
 51590 | Vaults:1 | Reached skill level 24 in Stealth
 51692 | Vaults:1 | Reached XP level 20. HP: 107/107 MP: 35/42
 52763 | Vaults:2 | Reached skill level 5 in Summonings
 53300 | Vaults:2 | Found a staircase to the Crypt.
 54504 | Vaults:2 | Found a runed gate.
 54504 | Vaults:2 | Found a runed gate.
 54505 | Vaults:2 | Found a runed gate.
 54514 | Vaults:2 | Found an iron altar of Okawaru.
 54514 | Vaults:2 | Noticed Vigato's ghost (adept MiFi)
 54537 | Vaults:2 | Killed Vigato's ghost
 54547 | Vaults:2 | Got a slimy rapier
 54548 | Vaults:2 | Identified the +10 rapier of Maimomom {drain, Str+3 Dex-3
                  | SInv} (You found it on level 2 of the Vaults)
 54554 | Vaults:2 | Got a bound lapis lazuli ring
 54555 | Vaults:2 | Identified the ring of Dev Syst {rElec rC+++ rN+ Slay-6
                  | SInv} (You found it on level 2 of the Vaults)
 56222 | Vaults:3 | Found Ekyxedill's Armour Shoppe.
 56348 | Vaults:3 | Learned a level 6 spell: Shadow Creatures
 57122 | Vaults:3 | Reached XP level 21. HP: 113/113 MP: 35/44
 57128 | Vaults:3 | Reached skill level 25 in Stealth
 58253 | Vaults:4 | Found a runed door.
 58275 | Vaults:4 | Found a shimmering altar of Xom.
 58275 | Vaults:4 | Noticed Hucw's ghost (veteran GrFi)
 58315 | Vaults:4 | HP: 3/113 [Hucw's ghost (7)]
 58384 | Vaults:4 | Gained mutation: Armour fits poorly on your strangely
                  | shaped body. [mutagenic glow]
 58698 | Vaults:4 | Killed Hucw's ghost
 62015 | Depths:1 | Identified Kikubaaqudgha's Handbook of Stolen Souls
 62059 | Depths:1 | Found a gateway to Hell.
 62169 | Depths:1 | Noticed Asterion
 62180 | Depths:1 | Killed Asterion
 62183 | Depths:1 | Lost mutation: Armour fits poorly on your strangely shaped
                  | body. [potion of mutation]
 62183 | Depths:1 | Lost mutation: You have a pair of small horns on your head.
                  | [potion of mutation]
 62183 | Depths:1 | Gained mutation: You expend magic power (3 MP) to
                  | strengthen your wands. [potion of mutation]
 62183 | Depths:1 | Gained mutation: You evolve. [potion of mutation]
 62183 | Depths:1 | Gained mutation: You are partially covered in iridescent
                  | scales. (AC +2) [potion of mutation]
 62389 | Depths:1 | Found a gateway to a ziggurat.
 62456 | Depths:1 | Identified the Compendium of Creation (You acquired it on
                  | level 1 of the Depths)
 62721 | Depths:2 | Slain by an iron troll

Vault maps used:
D:1:      lemuel_arrival_river_ford
D:2:      grunt_temple_overflow_open, chequers_ecumenical_altar_simple_redux
D:3:      tgw_sif, uniq_terence, uniq_ijyb
D:4:      temple_doors_cd
D:5:      first_ration
D:6:      grunt_qazlal_sundering
D:7:      enter_bailey_3, serial_shops, shop, uniq_menkaure
D:8:      basic_altar
D:9:      dpeg_oklobed_lair, erik_orc_2, gammafunk_ghost_grave, the_bakery
D:11:     portal_ice_cave_entry_animals_and_master, gammafunk_ghost_smash,
          grunt_gozag_statues
D:12:     serial_shops, shop, enter_trove_1, uniq_urug
D:13:     serial_shops, bzr_entry_dummy
D:14:     minmay_tearing_corner, lightli_vaults_fourway_checkpoint,
          lemuel_statue_altar, grunt_decor_resistance,
          minmay_guarded_unrand_skullcrusher
D:15:     hangedman_depths_entry_try_elsewhere_first, lab_entry_generic,
          serial_bayou_pond_a
Temple:   eino_narrow_crystal_temple
Lair:1:   minivault_26, beast_lair_carwin_3, infiniplex_staircase_pool
Lair:2:   minmay_lair_oklob_chamber, grunt_megastairs_1, uniq_nergalle
Lair:3:   disabler_island, lemuel_fruit_fields
Lair:4:   mu_elephants_graveyard, minmay_shoals_entry_hut, dummy_spider_entry
Lair:5:   dpeg_slime_entry_enclosed_altar
Lair:6:   hangedman_lair_in_review, uniq_nessos
Shoals:1: nicolae_shoals_kraken_intersection, uniq_frances
Shoals:2: hangedman_shoals_cup_caves
Shoals:3: nicolae_shoals_water_elemental_grotto
Shoals:4: shoals_end_grunt_garden, shoals_ilsuiw_alternative
Spider:2: gammafunk_ghost_arena
Spider:3: nicolae_spider_cling_ruins
Spider:4: spider_rune_water, uniq_kirke, uniq_nikola, uniq_agnes
Slime:1:  cheibrodos_slime_lost_civilization_9
Orc:1:    serial_shops, shop, elves_outpost_lemuel
Orc:2:    st_orc_town, serial_shops, shop_fountains, basic_altar
Elf:1:    eino_elf_arrival_altar, serial_glass, glass_columns_a,
          glass_columns_a, glass_columns_a, glass_columns_a,
          hangedman_elven_crosses_minicolossus
Elf:2:    minmay_shop_grove, uniq_louise
Elf:3:    elf_hall, serial_shops, shop
Vaults:1: advil_vaults_ghost_guards, vaults_standard_mumra_lines,
          hangedman_vaults_restitches, v_misc_28, grunt_vaults_twisty,
          ontoclasm_vaults_loading_screen, nicolae_vaults_yaktaur_gun_rack,
          nicolae_vaults_mini_display_case, vaults_dpeg_hooks, serial_shops,
          shop
Vaults:2: gammafunk_vaults_ghost_fury_of_okawaru, v_alt_pattern_5,
          nicolae_vaults_big_angled_halls, minmay_crypt_entry_simple_corners,
          nicolae_vaults_triangles, v_pattern_1, nicolae_vaults_circle_grid_a,
          ontoclasm_vaults_fault, v_rooms_3, nicolae_vaults_circle_grid_a,
          nicolae_vaults_network_square, v_misc_4, stair_cage_open
Vaults:3: vaults_room_door_ring, grunt_vaults_focal, hangedman_vaults_stagger,
          hangedman_vaults_restitches, vaults_mumra_hexcomb,
          nicolae_vaults_twisting_passages, v_alt_pattern_2, st_lattice,
          nicolae_vaults_ring_of_whatevers, v_misc_15, grunt_vaults_funnel,
          serial_shops, shop_fountains
Vaults:4: ebering_vaults_ghost_xom, serial_ice_g,
          ontoclasm_vaults_claustrophobia, hangedman_vaults_corner_blocks,
          nicolae_vaults_little_squares_3, nicolae_vaults_branching_niches,
          ontoclasm_vaults_gateway, nicolae_vaults_asterisk, v_misc_1,
          nicolae_vaults_rhombus_7, vaults_room_corners,
          ontoclasm_vaults_decontamination, v_misc_17, nicolae_vaults_theta,
          vaults_dpeg_encased_lava
Depths:1: enter_ziggurat_f, serial_bayou_pond_b, pf_dread_powers_of_hell,
          hangedman_research_thanatology, uniq_asterion
Depths:2: kennysheep_spiral_hall, abyss_entry, hangedman_tar_grid_catacomb,
          infiniplex_staircase_squiggle, serial_bayou_shore_b
Lab:      nicolae_lab_statue, nicolae_lab_do_over, nicolae_lab_starburst,
          nicolae_lab_checkerboard, nicolae_lab_lava
Bazaar:   bazaar_minmay_generic_island
Trove:    trove_armour_2
Bailey:   bailey_axe_2, bailey
IceCv:    ice_cave_small_demon

Skill      XL: |  1  2  3  4  5  6  7  8  9 10 11 12 13 14 15 16 17 18 19 20 21 |
---------------+----------------------------------------------------------------+-----
Spellcasting   | 3 4 5 6 8 9 10 11 12 13 14 15 16 17 18 19 | 19.0
Hexes          | 4 5 7 8 9 10 12 14 15 17 18 19 | 19.0
Stealth        | 5 7 9 12 15 16 17 18 19 20 21 22 23 24 25 | 25.0
Fighting       | 1 2 4 5 6 7 8 9 10 11 12 13 | 13.7
Short Blades   | 4 5 7 8 9 10 11 12 13 14 | 14.0
Dodging        | 6 8 9 11 12 13 14 15 16 18 19 20 21 | 21.4
Summonings     | 4 6 8 |  8.4

Action                   |  1- 3 |  4- 6 |  7- 9 | 10-12 | 13-15 | 16-18 | 19-21 || total
-------------------------+-------+-------+-------+-------+-------+-------+-------++-------
Melee: Dagger            |    99 |   246 |   255 |   472 |   672 |   731 |       ||  2475
       Rapier            |       |       |       |       |       |   291 |  1245 ||  1536
       Headbutt          |       |       |       |       |       |       |   239 ||   239
Throw: Throwing net      |       |       |       |     1 |       |       |       ||     1
 Cast: Corona            |     5 |       |       |       |       |       |       ||     5
       Ensorcelled Hiber |    24 |    23 |    69 |    76 |    56 |   127 |    75 ||   450
       Confuse           |       |    17 |    10 |    69 |    24 |    15 |   123 ||   258
       Tukima's Dance    |       |     2 |     3 |     1 |       |       |     1 ||     7
       Dazzling Spray    |       |     4 |     6 |     6 |     9 |    57 |    44 ||   126
       Invisibility      |       |       |       |       |    24 |    37 |    31 ||    92
       Apportation       |       |       |       |       |     1 |       |       ||     1
       Summon Mana Viper |       |       |       |       |       |     8 |    20 ||    28
       Shadow Creatures  |       |       |       |       |       |       |     1 ||     1
Invok: Shadow Step       |       |       |       |       |     1 |     5 |     8 ||    14
Evoke: Wand              |       |       |     6 |       |     2 |     4 |     1 ||    13
       Sack of spiders   |       |       |       |       |       |     2 |       ||     2
  Use: Scroll            |     8 |     4 |    11 |    12 |    10 |    18 |    15 ||    78
       Potion            |       |       |    10 |     3 |     5 |     9 |    20 ||    47
 Stab: Sleeping          |    27 |    19 |    81 |   125 |   201 |   235 |   200 ||   888
       Confused          |       |     7 |     7 |    39 |    16 |     9 |    71 ||   149
       Invisible         |       |     4 |    14 |     3 |   115 |   234 |   144 ||   514
       Distracted        |       |       |     3 |     9 |     5 |    12 |     7 ||    36
       Held in net/web   |       |       |       |     2 |       |     1 |       ||     3
  Eat: Ration            |       |     3 |     4 |     5 |     9 |    13 |    10 ||    44
Armor: Robe              |    12 |    38 |    27 |    19 |    15 |    48 |    20 ||   179
Dodge: Dodged            |    76 |   243 |   241 |   325 |   450 |  1055 |   826 ||  3216

Table legend:
 A = Non-vault XP
 B = Vault XP
 C = Vault XP percentage of total XP
 D = Non-vault monster count
 E = Vault monster count
 F = Vault count percentage of total count
                 A         B        C        D         E       F
            +---------+---------+-------+---------+---------+-------
      Total |  386546 |  297814 |  43.5 |    1220 |     581 |  32.3
            +---------+---------+-------+---------+---------+-------
        D:1 |      38 |       0 |   0.0 |      22 |       0 |   0.0
        D:2 |     101 |       0 |   0.0 |      18 |       0 |   0.0
        D:3 |     165 |     110 |  40.0 |      28 |       3 |   9.7
        D:4 |     443 |       0 |   0.0 |      27 |       0 |   0.0
        D:5 |     667 |       0 |   0.0 |      20 |       0 |   0.0
        D:6 |     409 |       0 |   0.0 |      15 |       0 |   0.0
        D:7 |    1105 |     180 |  14.0 |      22 |       5 |  18.5
        D:8 |    1856 |       0 |   0.0 |      26 |       0 |   0.0
        D:9 |    1827 |    1743 |  48.8 |      28 |      23 |  45.1
       D:10 |    2676 |       0 |   0.0 |      23 |       0 |   0.0
       D:11 |    3200 |    4584 |  58.9 |      38 |      12 |  24.0
       D:12 |    7186 |     827 |  10.3 |      35 |       1 |   2.8
       D:13 |    1826 |       0 |   0.0 |       9 |       0 |   0.0
       D:14 |    6585 |   25383 |  79.4 |      22 |      50 |  69.4
       D:15 |   11972 |    5990 |  33.3 |      36 |       7 |  16.3
     Lair:1 |    2272 |     485 |  17.6 |      13 |       5 |  27.8
     Lair:2 |    5368 |    5006 |  48.3 |      23 |      14 |  37.8
     Lair:3 |    6422 |     131 |   2.0 |      29 |       3 |   9.4
     Lair:4 |    4388 |    8694 |  66.5 |      23 |      18 |  43.9
     Lair:5 |    5872 |       0 |   0.0 |      19 |       0 |   0.0
     Lair:6 |   12267 |   11347 |  48.1 |      45 |      22 |  32.8
   Shoals:1 |   15541 |    4854 |  23.8 |      29 |       2 |   6.5
   Shoals:2 |    4290 |    5688 |  57.0 |      11 |      12 |  52.2
   Shoals:3 |   15399 |    1213 |   7.3 |      23 |       6 |  20.7
   Shoals:4 |   13855 |   28165 |  67.0 |      29 |      39 |  57.4
   Spider:1 |   12301 |       0 |   0.0 |      27 |       0 |   0.0
   Spider:2 |   14443 |       0 |   0.0 |      37 |       0 |   0.0
   Spider:3 |   20123 |       0 |   0.0 |      51 |       0 |   0.0
   Spider:4 |   25049 |   26444 |  51.4 |      77 |      47 |  37.9
    Slime:1 |    2080 |       0 |   0.0 |       3 |       0 |   0.0
      Orc:1 |    4105 |    5014 |  55.0 |      43 |       9 |  17.3
      Orc:2 |    5276 |    7988 |  60.2 |      47 |      56 |  54.4
      Elf:1 |   14261 |   14937 |  51.2 |      23 |      23 |  50.0
      Elf:2 |   21429 |   23649 |  52.5 |      37 |      30 |  44.8
      Elf:3 |   11688 |       0 |   0.0 |      21 |       0 |   0.0
   Vaults:1 |   32186 |   22048 |  40.7 |      61 |      36 |  37.1
   Vaults:2 |   15511 |   34043 |  68.7 |      29 |      48 |  62.3
   Vaults:3 |   28945 |   22911 |  44.2 |      65 |      26 |  28.6
   Vaults:4 |   30999 |   23005 |  42.6 |      46 |      25 |  35.2
   Depths:1 |   17285 |   12823 |  42.6 |      30 |      16 |  34.8
   Depths:2 |    3896 |       0 |   0.0 |       9 |       0 |   0.0
        Lab |    1239 |     136 |   9.9 |       1 |       2 |  66.7
     Bailey |       0 |     352 | 100.0 |       0 |      34 | 100.0
      IceCv |       0 |      64 | 100.0 |       0 |       7 | 100.0
            +---------+---------+-------+---------+---------+-------
